 Dungeon Crawl Stone Soup version 0.30-a0-165-g1891117ce2 (webtiles) character file.

Game seed: 1830895711232613771

72042 LychAStronaut the Unseen (level 15, -6/81 HPs)
             Began as a Spriggan Brigand on Sept 24, 2022.
             Was a High Priest of Elyvilon.
             Mangled by a sixfirhy (10 damage)
             ... summoned by an orc high priest
             ... on level 2 of the Orcish Mines on Sept 28, 2022.
             The game lasted 07:00:49 (33804 turns).

LychAStronaut the Unseen (Spriggan Brigand)        Turns: 33804, Time: 07:00:50

Health: -6/81      AC: 11    Str:  7    XL:     15   Next: 0%
Magic:  22/23      EV: 37    Int: 14    God:    Elyvilon [*****.]
Gold:   1252       SH:  0    Dex: 23    Spells: 26/28 levels left

rFire   . . .      SeeInvis +    v - +4 arbalest (freeze)
rCold   . . .      Faith    .    (shield currently unavailable)
rNeg    . . .      Spirit   .    A - +1 steam dragon scales
rPois   .          Reflect  .    U - +2 hat
rElec   .          Harm     .    c - +2 cloak
rCorr   +          Rampage  .    (gloves unavailable)
Will    ++...      Rage     3%   (boots unavailable)
Stlth   +++++++...               x - amulet of the acrobat
HPRegen 0.23/turn                l - ring of resist corrosion
MPRegen 0.18/turn                b - +4 ring of evasion

@: studying Conjurations, very quick
A: very small, no large weapons, unfitting armour, see invisible, speed 3, beak,
berserk 1, deterioration 1, low MP 1
a: Renounce Religion, Purification, Heal Other, Heal Self, Divine Vigour


You were on level 2 of the Orcish Mines.
You worshipped Elyvilon.
Elyvilon was extremely pleased with you.
You visited 6 branches of the dungeon, and saw 24 of its levels.
You also visited: Gauntlet.

You collected 1884 gold pieces.
You spent 632 gold pieces at shops.

Inventory:

Hand Weapons
 a - a +2 dagger of venom
 e - a +3 scimitar of flaming
 m - a +3 dagger
 v - a +4 arbalest of freezing (weapon)
 C - a +1 rapier of protection
 D - a +1 arbalest
 Y - a +1 short sword of venom
Missiles
 d - 42 poisoned darts
 q - 33 boomerangs
 u - 2 curare-tipped darts
 G - 6 silver boomerangs
Armour
 c - a +2 cloak (worn)
 j - a +1 troll leather armour {Snorg}
 o - +0 acid dragon scales
 A - +1 steam dragon scales (worn)
 F - a +2 robe
 L - the +2 robe of Light {Stlth+}
   (You bought it in a shop on level 7 of the Dungeon)

   Stlth:     It makes you more stealthy.
 T - a +2 robe of cold resistance
 U - a +2 hat (worn)
Jewellery
 b - a +4 ring of evasion (right hand)
 l - a ring of resist corrosion (left hand)
 x - an amulet of the acrobat (around neck)
 B - the amulet of Elemental Vulnerability {rPois rF-- rC-- AC+8}
   (You found it on level 11 of the Dungeon)

   [amulet of nothing]

   AC:        It affects your AC (+8).
   rF:        It makes you very vulnerable to fire.
   rC:        It makes you very vulnerable to cold.
   rPois:     It protects you from poison.
 R - the ring of Lugonu's Inspiration {rN+ Will+ Slay-6 SInv}
   (You found it in a Gauntlet)

   [ring of positive energy]

   Slay:      It affects your accuracy & damage with ranged weapons and melee
   (-6).
   rN:        It protects you from negative energy.
   SInv:      It lets you see invisible.
   Will:      It increases your willpower.
 S - an amulet of faith
 V - a ring of ice
Wands
 y - a wand of flame (26)
 N - a wand of polymorph (5)
 W - a wand of quicksilver (7)
Scrolls
 g - a scroll of magic mapping
 h - 2 scrolls of identify
 r - 6 scrolls of teleportation
 t - a scroll of fear
 z - a scroll of silence
 M - a scroll of summoning
 X - a scroll of blinking
Potions
 f - a potion of magic
 i - a potion of lignification
 k - a potion of ambrosia
 n - a potion of flight
 s - 4 potions of brilliance
 w - a potion of haste
 H - 12 potions of curing
 I - a potion of berserk rage
 J - 4 potions of might
 K - a potion of invisibility
 O - 2 potions of cancellation
 Z - 5 potions of mutation
Miscellaneous
 p - a tin of tremorstones (2/2)


   Skills:
 + Level 10.7 Fighting
 - Level 10.0 Short Blades
 + Level 12.8 Ranged Weapons
 - Level 3.0 Throwing
 + Level 15.9 Dodging
 + Level 18.6 Stealth
 - Level 7.0 Spellcasting
 - Level 6.0 Translocations


You had 26 spell levels left.
You knew the following spells:

 Your Spells              Type           Power      Damage    Failure   Level
a - Blink                 Tloc           42%        N/A       1%          2

Your spell library contained the following spells:

 Spells                   Type           Power      Damage    Failure   Level
 Lesser Beckoning         Tloc           21%        N/A       3%          3
 Manifold Assault         Tloc           21%        N/A       12%         4
 Passage of Golubria      Tloc           21%        N/A       12%         4
 Foxfire                  Conj/Fire      16%        2x1d4     14%         1
 Freeze                   Ice            16%        1d4       14%         1
 Necrotise                Necr           16%        1d4       14%         1
 Kindle Blastsparks       Fire/Tloc/Air  20%        2d11      19%         3
 Ensorcelled Hibernation  Hex/Ice        8%         N/A       22%         2
 Passwall                 Tmut/Erth      3%         N/A       22%         2
 Static Discharge         Conj/Air       8%         2-3/arc   22%         2
 Frozen Ramparts          Ice            8%         1d2       38%         3
 Hailstorm                Conj/Ice       4%         3d4       38%         3
 Inner Flame              Hex/Fire       4%         N/A       38%         3
 Ozocubu's Armour         Ice            4%         N/A       38%         3
 Spider Form              Tmut/Pois      4%         N/A       38%         3
 Summon Guardian Golem    Hex/Summ       4%         N/A       38%         3
 Swiftness                Air            4%         N/A       38%         3
 Tukima's Dance           Hex            4%         N/A       38%         3
 Anguish                  Hex/Necr       2%         N/A       80%         4
 Dispel Undead            Necr           4%         3d7       80%         4
 Flame Wave               Conj/Fire      4%         2d5       80%         4
 Leda's Liquefaction      Hex/Erth       2%         N/A       80%         4
 Sticky Flame             Conj/Fire      4%         2d3       80%         4
 Lee's Rapid Deconstruct  Erth           2%         3d5*      98%         5
 Metabolic Englaciation   Hex/Ice        2%         N/A       98%         5
 Yara's Violent Unravell  Hex/Tmut       2%         3d3       98%         5
 Simulacrum               Ice/Necr       2%         N/A       100%        6
 Statue Form              Tmut/Erth      2%         N/A       100%        6
 Orb of Destruction       Conj           2%         9d5       100%        7
 Spellforged Servitor     Conj/Summ      2%         N/A       100%        7
 Discord                  Hex            2%         N/A       100%        8
 Infestation              Necr           2%         N/A       100%        8


Dungeon Overview and Level Annotations

Branches:
Dungeon (13/15)            Temple (1/1) D:7            Lair (5/5) D:10
  Swamp (0/4) Lair:2       Spider (1/4) Lair:2        Slime (2/5) Lair:5
    Orc (2/2) D:11            Elf (0/3) Orc:2        Vaults (0/5) D:13
Gauntlet (visited)

Altars:
Ashenzari
Cheibriados
Dithmenos
Elyvilon
Fedhas
Gozag
Hepliaklqana
Kikubaaqudgha
Makhleb
Nemelex Xobeh
Okawaru
Qazlal
Ru
Sif Muna
Trog
Uskayaw
Vehumet
Wu Jian
Xom
Yredelemnul
Zin
The Shining One
Jiyva

Shops:
D:6 [   D:7 [   Orc:2 *

Annotations:
D:4 1 runed translucent door, Crazy Yiuf
Spider:1 Mlioglotl


Innate Abilities, Weirdness & Mutations

You are very small and have problems with some larger weapons.
You are too small for most types of armour.
You have supernaturally acute eyesight. (SInv)
You cover ground extremely quickly. (Speed+++)
You have a beak for a mouth.
You sometimes lose your temper in combat.
Your body sometimes deteriorates upon taking damage.
Your magical capacity is low. (-10% MP)


Message History

The sixfirhy completely misses you. x2
The smoke demon gestures at you. The sticky flame hits you.
You are covered in liquid flames!
You feel purified!
You feel your strength returning.
You feel your intelligence returning.
You are covered in liquid flames!
* * * LOW HITPOINT WARNING * * *
The orc high priest is engulfed in a cloud of scalding steam.
You are covered in liquid flames!
* * * LOW HITPOINT WARNING * * *
You are no longer on fire.
The sixfirhy attacks as you move away! The sixfirhy completely misses you. x3
The smoke demon disappears in a puff of smoke!
You are too injured to fight recklessly!
Fire: v) +4 arbalest (freeze)
Press: ? - help, Q - select action, (/) - cycle Shift-Dir - straight line, f - orc high priest
Aim: an orc high priest, wielding a +0 long sword (heavily wounded, 68% to hit)
You shoot a bolt. The bolt hits the sixfirhy.
The bolt freezes the sixfirhy.
The sixfirhy is lightly wounded.
The sixfirhy completely misses you. The sixfirhy attacks as you move away!
The sixfirhy closely misses you. The sixfirhy misses you.
The sixfirhy closely misses you. The sixfirhy completely misses you.
The orc high priest mumbles some strange prayers to Beogh.
The sixfirhy completely misses you. The sixfirhy completely misses you.
Fire: v) +4 arbalest (freeze)
Press: ? - help, Q - select action, (/) - cycle Shift-Dir - straight line, f/p - orc high priest
Aim: an orc high priest, wielding a +0 long sword (heavily wounded, 68% to hit)
You shoot a bolt. The bolt misses the sixfirhy.
The bolt closely misses the orc high priest.
The sixfirhy completely misses you. The sixfirhy hits you!
* * * LOW HITPOINT WARNING * * *
The sixfirhy shocks you!
* * * LOW HITPOINT WARNING * * *
The sixfirhy closely misses you. The sixfirhy hits you!
Elyvilon protects you from harm! The sixfirhy shocks you!
You die...

#.................#............
##.............<................
##.#..............#.##...........
<))...............###............
.[.#...............^.............
...##............................
.∩.................).............
............)#.................).
..).)..#........@3...o....o......
......)..).......3...o.o.....§...
......).........................)
...))..).........................
....###.....#....................
...## ##...###..##.#..##...##.##.
#### ##### ################## #


You could see an orc high priest, 2 sixfirhies, an orc warrior and an orc.

Vanquished Creatures
  2 acid blobs
  An orc warlord (Orc:1)
  A quicksilver ooze (Slime:2)
  A minotaur (Gauntlet)
  Snorg (Orc:1)
  An ettin (Orc:1)
  Fannar (Lair:1)
  Harold (D:10)
  3 hydras
  A catoblepas (Lair:5)
  A centaur warrior (D:13)
  7 two-headed ogres
  Erica (D:8)
  4 boulder beetles
  A tengu warrior (Gauntlet)
  7 death yaks (Lair:5)
  An orc high priest (Orc:2)
  Urug (Lair:2)
  A steelbarb worm (Spider:1)
  A lindwurm (Lair:4)
  An orc knight (Orc:1)
  2 orc sorcerers
  2 manticores (D:12)
  A deep elf pyromancer (D:12)
  2 shining eyes
  2 cyclopes (D:13)
  4 black mambas
  7 elephants (Lair:5)
  2 guardian serpents (D:11)
  Maurice (D:8)
  An eye of devastation (Slime:1)
  A gargoyle (D:12)
  Maggie (D:8)
  A rime drake (Lair:1)
  13 cane toads
  2 minotaur zombies (Gauntlet)
  4 komodo dragons
  2 tengu conjurers (Gauntlet)
  An efreet (Gauntlet)
  3 trolls
  5 tyrant leeches (Lair:2)
  5 hornets
  6 polar bears
  13 slime creatures
  2 dream sheep (Lair:5)
  18 blink frogs
  3 shadows
  13 spriggans (Lair:5)
  Sigmund (D:5)
  A vampire (D:11)
  5 basilisks
  5 wyverns
  A fire elemental (Gauntlet)
  5 wraiths
  21 yaks
  3 redbacks
  7 vampire mosquitoes
  A swamp worm (shapeshifter) (D:13)
  4 swamp worms
  3 wargs
  2 acid dragons
  8 water moccasins
  2 hell hounds (Gauntlet)
  8 sky beasts
  4 black bears
  9 orc warriors
  An ice beast (D:7)
  3 boggarts (Lair:5)
  27 wolves
  5 ogres
  7 centaurs
  3 kobold brigands
  7 bullfrogs
  2 necrophages
  6 scorpions
  8 wights (D:8)
  7 killer bees
  4 howler monkeys
  3 gnoll boudas
  2 hounds
  5 jellies
  7 orc priests
  An iguana (D:6)
  8 orc wizards
  13 gnolls
  6 adders
  A shadow imp (D:7)
  6 white imps
  3 ufetubi
  3 worms
  A dart slug (D:1)
  45 orcs
  8 ball pythons
  3 endoplasms
  2 giant cockroaches
  4 goblins
  4 hobgoblins
  5 jackals (D:3)
  3 quokkas
  4 bats
  19 kobolds
  3 rats
485 creatures vanquished.

Vanquished Creatures (collateral kills)
  Josephine (Orc:1)
  An ogre mage (Orc:1)
  3 two-headed ogres (Orc:1)
  2 orc warriors (Orc:1)
  2 ogres (Orc:1)
  4 orcs (Orc:1)
13 creatures vanquished.

Vanquished Creatures (others)
  A black mamba (Lair:2)
  An orc (Orc:2)
  33 fungi
  29 plants
64 creatures vanquished.

Grand Total: 562 creatures vanquished

Notes
Turn   | Place    | Note
-------+----------+-------------------------------------------
     0 | D:1      | LychAStronaut the Spriggan Brigand began the quest for the
                  | Orb.
     0 | D:1      | Reached XP level 1. HP: 10/10 MP: 2/2
   116 | D:1      | Reached skill level 6 in Stealth
   250 | D:1      | Reached XP level 2. HP: 15/15 MP: 3/3
   490 | D:1      | Found a faded altar of an unknown god.
   499 | D:1      | Got Plato's Octavo of Profane Arts
  1410 | D:2      | Reached XP level 3. HP: 14/18 MP: 4/4
  1423 | D:2      | Got the Spellbook of Terrestrial Execration
  2059 | D:2      | Reached XP level 4. HP: 23/23 MP: 5/5
  2201 | D:2      | Found a glowing golden altar of the Shining One.
  2870 | D:3      | Noticed a black bear
  2934 | D:3      | Killed a black bear
  2935 | D:3      | Reached skill level 7 in Stealth
  2935 | D:3      | Reached XP level 5. HP: 27/27 MP: 6/6
  3574 | D:4      | Noticed an ogre
  3734 | D:4      | Killed an ogre
  3735 | D:4      | Reached XP level 6. HP: 32/32 MP: 7/7
  3873 | D:4      | Found a runed translucent door.
  3874 | D:4      | Noticed Crazy Yiuf
  4637 | D:4      | Reached skill level 1 in Ranged Weapons
  4922 | D:5      | Entered Level 5 of the Dungeon
  5196 | D:5      | You fall into a shaft and drop 3 floors!
  5383 | D:8      | Noticed a wyvern
  5438 | D:8      | Reached skill level 8 in Stealth
  5438 | D:8      | Reached XP level 7. HP: 35/36 MP: 8/8
  5568 | D:8      | Found a white marble altar of Elyvilon.
  5569 | D:8      | Found a snail-covered altar of Cheibriados.
  5591 | D:8      | Noticed Erica
  5644 | D:8      | Became a worshipper of Elyvilon the Healer
  5766 | D:7      | Reached skill level 5 in Dodging
  6789 | D:5      | Reached XP level 8. HP: 40/40 MP: 9/9
  7282 | D:5      | Reached skill level 5 in Short Blades
  7283 | D:5      | Reached * piety under Elyvilon
  7420 | D:5      | Noticed Sigmund
  7423 | D:5      | Killed Sigmund
  7424 | D:5      | Reached skill level 9 in Stealth
  7569 | D:5      | Upgraded the game from 0.30-a0-140-gd1020e658a to
                  | 0.30-a0-141-g30f27751c5
  7760 | D:6      | Found Hehol's Armour Emporium.
  8152 | D:6      | Reached skill level 5 in Ranged Weapons
  8992 | D:7      | Found a staircase to the Ecumenical Temple.
  9012 | Temple   | Entered the Ecumenical Temple
  9098 | D:7      | Reached ** piety under Elyvilon
  9189 | D:7      | Reached XP level 9. HP: 28/46 MP: 10/10
  9253 | D:7      | Reached skill level 10 in Stealth
  9383 | D:7      | Found Ugikamarph's Armour Emporium.
  9950 | D:7      | Bought the +2 robe of Light {Stlth+} for 287 gold pieces
 10056 | D:8      | Reached skill level 5 in Fighting
 10358 | D:8      | Reached skill level 11 in Stealth
 10450 | D:8      | Noticed Maggie
 10472 | D:8      | Noticed Maurice
 10480 | D:8      | Killed Maurice
 10519 | D:8      | Killed Maggie
 10583 | D:8      | Reached XP level 10. HP: 51/51 MP: 11/11
 11037 | D:8      | Killed Erica
 11038 | D:8      | Reached skill level 12 in Stealth
 11789 | D:9      | Noticed a two-headed ogre
 11795 | D:9      | Killed a two-headed ogre
 11802 | D:9      | Found a glowing golden altar of the Shining One.
 12150 | D:9      | Noticed a two-headed ogre
 12151 | D:9      | Reached *** piety under Elyvilon
 12157 | D:9      | Paralysed by a hornet for 2 turns
 12557 | D:9      | Killed a two-headed ogre
 12558 | D:9      | Reached skill level 10 in Dodging
 12558 | D:9      | Reached skill level 13 in Stealth
 12663 | D:9      | Found a basalt altar of Yredelemnul.
 12663 | D:9      | Found a blossoming altar of Fedhas.
 13091 | D:9      | Noticed a two-headed ogre
 13127 | D:9      | Killed a two-headed ogre
 13352 | D:10     | Entered Level 10 of the Dungeon
 13352 | D:10     | Noticed Harold
 13674 | D:10     | Reached XP level 11. HP: 58/58 MP: 12/12
 13719 | D:10     | Found a shimmering altar of Xom.
 13753 | D:10     | Reached **** piety under Elyvilon
 14090 | D:10     | Found a stormy altar of Qazlal.
 14309 | D:10     | Noticed a two-headed ogre
 14351 | D:10     | Killed a two-headed ogre
 14510 | D:10     | Found a staircase to the Lair.
 14868 | D:10     | Elyvilon protects you from harm!
 14951 | D:10     | Killed Harold
 14952 | D:10     | Reached skill level 14 in Stealth
 15330 | D:11     | Noticed a boulder beetle
 15375 | Lair:1   | Entered Level 1 of the Lair of Beasts
 15716 | Lair:1   | Noticed Fannar
 16453 | D:11     | Found a staircase to the Orcish Mines.
 16724 | D:6      | Bought a +1 robe of cold resistance for 139 gold pieces
 16724 | D:6      | Bought a +2 hat for 176 gold pieces
 16780 | D:6      | Upgraded the game from 0.30-a0-141-g30f27751c5 to
                  | 0.30-a0-149-g7f746667c4
 16884 | D:11     | Killed a boulder beetle
 17293 | Lair:1   | Killed Fannar
 17744 | Lair:2   | Reached skill level 15 in Stealth
 18363 | Lair:2   | Reached XP level 12. HP: 64/64 MP: 13/13
 18665 | Lair:2   | You fall into a shaft and drop 1 floor!
 18665 | Lair:3   | Reached ***** piety under Elyvilon
 18681 | Lair:3   | Noticed a seven-headed hydra
 19087 | Lair:2   | Noticed Urug
 19107 | Lair:2   | Killed Urug
 19108 | Lair:2   | Reached skill level 10 in Ranged Weapons
 19139 | Lair:2   | Noticed a boulder beetle
 19145 | Lair:2   | Found a hole to the Spider Nest.
 19182 | Lair:2   | Killed a boulder beetle
 19354 | Lair:2   | Noticed a five-headed hydra
 19384 | Lair:2   | Killed a five-headed hydra
 19450 | Lair:2   | Reached skill level 16 in Stealth
 20068 | Lair:2   | Found a staircase to the Swamp.
 20079 | Lair:2   | Upgraded the game from 0.30-a0-149-g7f746667c4 to
                  | 0.30-a0-159-g068b764562
 20253 | Lair:3   | Killed a seven-headed hydra
 21404 | Lair:4   | Noticed a boulder beetle
 21469 | Lair:4   | Killed a boulder beetle
 21800 | Lair:4   | Reached XP level 13. HP: 70/70 MP: 14/14
 21968 | Lair:5   | Entered Level 5 of the Lair of Beasts
 22114 | Lair:5   | Reached skill level 17 in Stealth
 22326 | Lair:5   | Reached skill level 1 in Translocations
 22461 | Lair:5   | Found a viscous altar of Jiyva.
 22701 | Lair:5   | Reached skill level 1 in Spellcasting
 23092 | Lair:5   | Found a staircase to the Slime Pits.
 23101 | Lair:5   | Learned a level 2 spell: Blink
 23316 | Lair:5   | Got Guastrut's Quarto of Loathsome Attacks
 23713 | Lair:5   | Upgraded the game from 0.30-a0-159-g068b764562 to
                  | 0.30-a0-165-g1891117ce2
 24215 | Lair:5   | Reached skill level 5 in Translocations
 25444 | Lair:5   | Identified a scroll of acquirement
 25640 | D:11     | Reached XP level 14. HP: 76/76 MP: 22/22
 25664 | D:11     | Reached skill level 5 in Spellcasting
 25890 | D:11     | Found the amulet of Elemental Vulnerability {rPois rF--
                  | rC-- AC+8}
 26161 | Orc:1    | Entered Level 1 of the Orcish Mines
 26161 | Orc:1    | Noticed Josephine
 26161 | Orc:1    | Noticed an orc warlord
 26309 | Slime:1  | Entered Level 1 of the Pits of Slime
 26314 | Slime:1  | Noticed an acid blob
 26319 | Slime:1  | Noticed an acid blob
 27018 | Lair:5   | Killed an acid blob
 27255 | Slime:1  | Killed an acid blob
 27391 | Slime:1  | Gained mutation: You have a beak for a mouth. [a shining
                  | eye]
 27397 | Slime:1  | Gained mutation: You sometimes lose your temper in combat.
                  | [a shining eye]
 27399 | Slime:1  | Lost mutation: You sometimes lose your temper in combat. [a
                  | shining eye]
 27401 | Slime:1  | Gained mutation: Your magical capacity is low. (-10% MP) [a
                  | shining eye]
 27403 | Slime:1  | Gained mutation: You sometimes lose your temper in combat.
                  | [a shining eye]
 27405 | Slime:1  | Gained mutation: Your body sometimes deteriorates upon
                  | taking damage. [a shining eye]
 27618 | Slime:2  | Noticed a quicksilver ooze
 27621 | Slime:2  | Noticed an acid blob
 27622 | Slime:2  | Killed a quicksilver ooze
 27623 | Slime:2  | Reached skill level 10 in Fighting
 27632 | Slime:2  | Noticed an acid blob
 27780 | Slime:2  | Noticed an azure jelly
 28526 | Spider:1 | Entered Level 1 of the Spider Nest
 28531 | Spider:1 | Reached skill level 10 in Short Blades
 28817 | Spider:1 | Noticed Mlioglotl
 29300 | D:12     | Reached skill level 15 in Dodging
 29755 | D:12     | Found a gate leading to a gauntlet.
 29768 | D:12     | Acquired a manual of Conjurations
 29776 | Gauntlet | Entered a Gauntlet
 29776 | Gauntlet | Found a transporter.
 29776 | Gauntlet | Found a transporter.
 29778 | Gauntlet | Found a transporter.
 29778 | Gauntlet | Found a transporter.
 29782 | Gauntlet | Found a transporter.
 29782 | Gauntlet | Found a transporter.
 29818 | Gauntlet | Found a transporter.
 29822 | Gauntlet | Found a transporter.
 29826 | Gauntlet | Found a transporter.
 29845 | Gauntlet | Found a transporter.
 29856 | Gauntlet | Found a transporter.
 29860 | Gauntlet | Found a transporter.
 29862 | Gauntlet | Found a runed translucent gate.
 29862 | Gauntlet | Found a runed translucent gate.
 29862 | Gauntlet | Found a runed translucent gate.
 30245 | Gauntlet | Identified the ring of Lugonu's Inspiration {rN+ Will+
                  | Slay-6 SInv}
 31103 | D:13     | Reached ****** piety under Elyvilon
 31472 | D:13     | Reached skill level 18 in Stealth
 31479 | D:13     | Found a gate to the Vaults.
 31941 | Orc:1    | Killed Josephine
 32333 | Orc:1    | Killed an orc warlord
 32699 | Orc:1    | Noticed Snorg
 32757 | Orc:1    | Killed Snorg
 33067 | Orc:2    | Entered Level 2 of the Orcish Mines
 33067 | Orc:2    | Found Tuda's Assorted Antiques.
 33566 | Orc:2    | Bought a scroll labelled TIXAKLEN LAPO for 30 gold pieces
 33760 | Orc:2    | Found a staircase to the Elven Halls.
 33786 | Orc:2    | Reached XP level 15. HP: 27/80 MP: 23/23
 33804 | Orc:2    | HP: 4/81 [sixfirhy[an orc high priest] (10)]
 33804 | Orc:2    | Elyvilon protects you from harm!
 33804 | Orc:2    | Mangled by a sixfirhy

Illustrated notes

Levels and vault maps discovered:
D:1:      lightli_arrival_windingriver, layout_loops_corners,
          shapermc_ecumenical_altar_rom_forum
D:2:      layout_loops_cross, basic_altar, dreamdust_mushroom_princess
D:3:      layout_basic
D:4:      layout_loops_corners, uniq_crazy_yiuf_cottage
D:5:      layout_basic, uniq_sigmund
D:6:      layout_cave_pools, serial_shops, nicolae_shop_hallway_plus
D:7:      minmay_bubble_buster, layout_loops_ring,
          minmay_temple_entry_purple_smoke, serial_shops, kennysheep_mini_moat
D:8:      layout_gridville, mainiacjoe_overflow_divided_tiny,
          kennysheep_generic_room_4, uniq_maurice, uniq_erica, uniq_maggie
D:9:      layout_loops_corners, lemuel_tele_altar,
          gammafunk_temple_overflow_elements
D:10:     layout_stronghold, mainiacjoe_overflow_24_doors,
          mainiacjoe_overflow_boulevard, uniq_harold
D:11:     nrook_guardian_serpent_snake_passage, layout_cave_pools, orc_0_dummy,
          lemuel_old_faithful
D:12:     layout_basic, gauntlet_entry_generic
D:13:     layout_grid_maze, david_vaults_4
Temple:   hellmonk_temple_of_storms
Lair:1:   layout_loops_ring, uniq_fannar
Lair:2:   layout_big_grid, minmay_swamp_entry_worms,
          nicolae_spider_entry_non_spiders, grunt_megastairs_4, uniq_urug
Lair:3:   layout_gridlike, guppyfry_lair_drakes, infiniplex_staircase_pool_2,
          serial_bayou_shore_a
Lair:4:   layout_misc_corridors, infiniplex_staircase_pool
Lair:5:   minmay_lair_end_enchanted_forest, layout_layer_cave,
          minmay_slime_entry_pillars
Spider:1: layout_spider_delve, nicolae_spider_altar_of_dancing, uniq_mlioglotl,
          uniq_aizul
Slime:1:  layout_caves
Slime:2:  layout_caves
Orc:1:    layout_caves, uniq_snorg, uniq_josephine
Orc:2:    st_orc_rangers, layout_caves, serial_shops, shop

Skill      XL: |  1  2  3  4  5  6  7  8  9 10 11 12 13 14 |
---------------+-------------------------------------------+-----
Stealth        | 6 7 8 9 11 13 15 16 17 18 | 18.6
Dodging        | 2 3 4 5 6 8 10 12 13 14 15 | 15.9
Fighting       | 2 3 4 5 6 8 9 10 | 10.7
Short Blades   | 3 4 5 6 8 9 10 | 10.0
Throwing       | 3 |  3.0
Ranged Weapons | 2 3 5 6 8 9 10 11 12 | 12.8
Translocations | 5 6 |  6.0
Spellcasting   | 4 7 |  7.0

Action                   |  1- 3 |  4- 6 |  7- 9 | 10-12 | 13-15 || total
-------------------------+-------+-------+-------+-------+-------++-------
Melee: Dagger            |    55 |   129 |   150 |   286 |    56 ||   676
       Punch             |       |     1 |     1 |     9 |     5 ||    16
       Short sword       |       |       |    35 |       |       ||    35
       Scimitar          |       |       |       |     7 |     5 ||    12
       Long sword        |       |       |       |    51 |       ||    51
       Rapier            |       |       |       |       |   126 ||   126
       Peck              |       |       |       |       |    50 ||    50
 Fire: Sling             |       |     9 |     3 |       |       ||    12
       Arbalest          |       |       |   126 |   378 |   740 ||  1244
       Shortbow          |       |       |    11 |       |       ||    11
Throw: Dart              |    16 |    18 |    43 |   120 |    80 ||   277
       Stone             |    26 |    20 |       |       |       ||    46
       Boomerang         |       |    13 |     3 |       |       ||    16
 Cast: Blink             |       |       |       |       |     6 ||     6
Invok: Heal Self         |       |       |       |     6 |    15 ||    21
       Purification      |       |       |       |       |     2 ||     2
Evoke: Wand              |       |     2 |    19 |     6 |    32 ||    59
  Use: Potion            |     1 |     2 |     7 |     8 |     3 ||    21
       Scroll            |       |     2 |     6 |    11 |    16 ||    35
 Stab: Sleeping          |     8 |     7 |    17 |    17 |    22 ||    71
       Distracted        |       |       |       |       |     1 ||     1
Armor: Robe              |     4 |    13 |    23 |    36 |    47 ||   123
       Steam dragon scal |       |       |       |       |    16 ||    16
Dodge: Dodged            |    42 |    93 |   230 |   590 |  1006 ||  1961

Table legend: (Time is in decaauts)
 A = Elapsed time spent in this place.
 B = Non-inter-level travel time spent in this place.
 C = Inter-level travel time spent in this place.
 D = Time resting spent in this place.
 E = Time spent auto-exploring this place.
 F = Levels seen in this place.
 G = Mean time per level.
                   A        B        C        D        E       F      G
               +--------+--------+--------+--------+--------+-----+--------+
         Total |  26007 |  24664 |   1343 |   8175 |   6547 |  25 | 1040.3 |
       Dungeon |  14707 |  13808 |    899 |   4463 |   4929 |  13 | 1131.3 |
        Temple |     47 |     47 |      0 |      0 |      0 |   1 |   47.0 |
          Lair |   8467 |   8028 |    439 |   2581 |   1328 |   5 | 1693.4 |
   Spider Nest |     32 |     32 |      0 |     13 |      0 |   1 |   32.0 |
    Slime Pits |    674 |    674 |      0 |    386 |      0 |   2 |  337.0 |
  Orcish Mines |   1416 |   1412 |      4 |    436 |    289 |   2 |  708.0 |
      Gauntlet |    661 |    661 |      0 |    296 |      0 |   1 |  661.0 |
               +--------+--------+--------+--------+--------+-----+--------+

Top non-repeatable levels by time:
  Lair:5: 3700 daAuts
  Lair:2: 1949 daAuts
    D:10: 1923 daAuts
     D:6: 1629 daAuts
     D:9: 1555 daAuts
    D:11: 1294 daAuts
     D:8: 1252 daAuts
  Lair:1: 1146 daAuts
   Orc:1: 1142 daAuts
     D:7: 1124 daAuts
     D:5: 1101 daAuts
     D:2: 983 daAuts
  Lair:3: 952 daAuts
     D:4: 884 daAuts
     D:1: 838 daAuts
